 Dungeon Crawl Stone Soup version 0.21-a0-442-g848f44b (webtiles) character file.

208 esteth the Covert (level 5, -4/24 HPs)
             Began as a Spriggan Enchanter on Nov 16, 2017.
             Was an Initiate of Dithmenos.
             Slain by a worm (7 damage)
             ... on level 4 of the Dungeon.
             The game lasted 00:10:21 (3611 turns).

esteth the Covert (Spriggan Enchanter)              Turns: 3611, Time: 00:10:22

Health: -4/24      AC:  4    Str:  4    XL:     5   Next: 55%
Magic:  5/10       EV: 18    Int: 18    God:    Dithmenos [......]
Gold:   193        SH:  0    Dex: 16    Spells: 1/9 levels left

rFire    . . .     SeeInvis +   a - +1 dagger
rCold    . . .     Gourm    .   (shield restricted)
rNeg     . . .     Faith    .   n - +2 robe {MR+}
rPois    .         Spirit   .   (helmet restricted)
rElec    .         Reflect  .   (no cloak)
rCorr    .         Harm     .   (gloves unavailable)
MR       +....                  (boots unavailable)
Stlth    ++++......             (no amulet)
HPRegen  0.08/turn              (no ring)
MPRegen  0.12/turn              (no ring)

@: very quick
A: unfitting armour, see invisible, herbivore 3, speed 3, slow metabolism 2
a: Renounce Religion


You were on level 4 of the Dungeon.
You worshipped Dithmenos.
Dithmenos was noncommittal.
You were hungry.

You visited 2 branches of the dungeon, and saw 5 of its levels.

You collected 193 gold pieces.

Inventory:

Hand Weapons
 a - a +1 dagger (weapon)
Missiles
 m - 15 poisoned needles
Armour
 b - a +0 robe
 n - a +2 robe of magic resistance (worn)
Wands
 v - a wand of flame (30/48)
Scrolls
 f - 2 scrolls of teleportation {unknown}
 g - 4 scrolls of immolation {unknown}
 i - 3 scrolls of remove curse {unknown}
 p - a scroll of enchant weapon {unknown}
 q - 7 scrolls of identify {unknown}
 u - a scroll of magic mapping {unknown}
Potions
 e - 3 potions of flight {unknown}
 j - a potion of degeneration {unknown}
 k - 2 potions of ambrosia {unknown}
 l - a potion of curing {unknown}
 r - a potion of invisibility {unknown}
 s - a potion of magic {unknown}
Books
 c - a book of Maledictions

   Spells                             Type                      Level
   a - Corona                         Hexes                        1
   b - Ensorcelled Hibernation        Hexes/Ice                    2
   c - Confuse                        Hexes                        3
   d - Tukima's Dance                 Hexes                        3
   e - Dazzling Spray                 Conjuration/Hexes            3
 t - a book of Minor Magic

   Spells                             Type                      Level
   a - Magic Dart                     Conjuration                  1
   b - Blink                          Translocation                2
   c - Call Imp                       Summoning                    2
   d - Slow                           Hexes                        2
   e - Conjure Flame                  Conjuration/Fire             3
   f - Mephitic Cloud                 Conjuration/Poison/Air       3
Comestibles
 d - 3 bread rations
 h - 10 fruits
 o - 2 royal jellies


   Skills:
 - Level 1.1 Short Blades
 - Level 3.0 Dodging
 + Level 8.2 Stealth
 - Level 2.6 Spellcasting
 + Level 4.3 Hexes
 + Level 2.0 Ice Magic


You had one spell level left.
You knew the following spells:

 Your Spells              Type           Power        Failure   Level  Hunger
a - Corona                Hex            ###....      2%          1    #......
b - Ensorcelled Hibernat  Hex/Ice        ##....       7%          2    ##.....
c - Confuse               Hex            ###.....     9%          3    ###....
d - Blink                 Tloc           N/A          26%         2    ##.....


Dungeon Overview and Level Annotations

Branches:
Dungeon (4/15)             Temple (1/1) D:4

Altars:
Ashenzari
Cheibriados
Dithmenos
Elyvilon
Fedhas
Gozag
Hepliaklqana
Kikubaaqudgha
Makhleb
Nemelex Xobeh
Okawaru
Qazlal
Ru
Trog
Uskayaw
Vehumet
Wu Jian
Xom
Yredelemnul
Zin
The Shining One

Shops:
D:4 !

Annotations:
D:3 Robin


Innate Abilities, Weirdness & Mutations

You are very small and have problems with some larger weapons.
You are too small for most types of armour.
You have supernaturally acute eyesight. (SInv)
You are a herbivore.
You cover ground extremely quickly.
You need consume almost no food.


Message History

Confirm with . or Enter, or press ? or * to list all spells.
Aiming: Ensorcelled Hibernation
Press: ? - help, Shift-Dir - straight line, f/p - worm
Aim: a worm (chance to defeat MR: 52%)
The worm resists with significant effort.
The worm bites you.
You struggle against the net.
You struggle against the net.
The gnoll hits you. The worm barely misses you. The gnoll barely misses you.
You struggle against the net.
The gnoll hits you.
* * * LOW HITPOINT WARNING * * *
The gnoll barely misses you. The worm bites you.
* * * LOW HITPOINT WARNING * * *
The gnoll hits you but does no damage.
Okay, then.
You struggle against the net.
The gnoll barely misses you. The gnoll closely misses you.
You shred the net and break free! The gnoll misses you.
The gnoll hits you but does no damage. The worm bites you!
You die...

#.W..........#
#.##########.# #.# #.# #<#
#.# ..# #.##### #8#
#.....# #.# #####.# .∩.8.#
##.# ####### #.#..#
###g@##.......
#8#.#########.g#gws......a
... ............##########
## ###..#.♣.♣.........
#.....>.........g
#....♣.♣..#######
#.........# #...!..#..#
##.!...#.##


You could see a worm, 3 gnolls and a giant cockroach.

Vanquished Creatures
  An orc priest (D:3)
  A centaur skeleton (D:2)
  Terence (D:3)
  A worker ant (D:4)
  4 adders
  2 oozes
  2 dart slugs (D:1)
  2 leopard geckos
  3 orcs (D:3)
  A giant cockroach (D:1)
  6 goblins
  3 hobgoblins
  7 kobolds
  A ball python (D:1)
  10 bats
  4 frilled lizards
  A quokka skeleton (D:4)
  9 rats
59 creatures vanquished.

Notes
Turn   | Place    | Note
-------+----------+-------------------------------------------
     0 | D:1      | esteth the Spriggan Enchanter began the quest for the Orb.
     0 | D:1      | Reached XP level 1. HP: 9/9 MP: 5/5
   242 | D:1      | Reached skill level 5 in Stealth
   294 | D:1      | Reached XP level 2. HP: 13/13 MP: 6/6
   810 | D:1      | Reached skill level 6 in Stealth
  1517 | D:1      | Reached XP level 3. HP: 16/16 MP: 8/8
  1521 | D:1      | Learned a level 2 spell: Ensorcelled Hibernation
  1525 | D:1      | Learned a level 3 spell: Confuse
  1801 | D:2      | Reached skill level 7 in Stealth
  1997 | D:2      | Reached skill level 1 in Ice Magic
  1997 | D:2      | Reached XP level 4. HP: 11/21 MP: 3/9
  2453 | D:2      | Learned a level 2 spell: Blink
  2788 | D:3      | Noticed Terence
  2920 | D:3      | Killed Terence
  2920 | D:3      | Reached XP level 5. HP: 24/24 MP: 10/10
  2960 | D:3      | Reached skill level 8 in Stealth
  3044 | D:3      | Noticed Robin
  3176 | D:4      | Found Ifruodd's Distillery.
  3182 | D:4      | Noticed a phantom
  3246 | D:4      | Found a staircase to the Ecumenical Temple.
  3259 | Temple   | Entered the Ecumenical Temple
  3518 | Temple   | Became a worshipper of Dithmenos the Shadowed
  3611 | D:4      | Slain by a worm

Vault maps used:
D:1:      co_arrival_random_square_maze
D:3:      cheibrodos_old_hovel, tgw_sif, uniq_robin, uniq_terence
D:4:      minmay_temple_entry_trees, serial_shops, nicolae_shop_statue_plus,
          corexii_item_surrounded_by_moat, uniq_ijyb, uniq_grinder, uniq_pikel
Temple:   grunt_wide_crystal_templ

Skill      XL: |  1  2  3  4  5 |
---------------+----------------+-----
Stealth        | 5 6 7 8 |  8.2
Ice Magic      | 1 2 |  2.0
Hexes          | 4 |  4.3
Short Blades   | |  1.1
Dodging        | |  3.0
Spellcasting   | |  2.6

Action                   |  1- 3 |  4- 6 || total
-------------------------+-------+-------++-------
Melee: Dagger            |   135 |   113 ||   248
 Cast: Corona            |     1 |       ||     1
       Confuse           |     4 |     5 ||     9
       Ensorcelled Hiber |       |     8 ||     8
 Stab: Sleeping          |    14 |    11 ||    25
       Confused          |     1 |     1 ||     2
  Eat: Fruit             |       |     1 ||     1
Armor: Robe              |    19 |    22 ||    41
Dodge: Dodged            |   107 |    79 ||   186

Table legend:
 A = Spawn XP
 B = Non-spawn XP
 C = Spawn XP percentage of total XP
 D = Spawn monster count
 E = Non-spawn monster count
 F = Spawn count percentage of total count
 G = Total turns spent on level
                    A         B        C        D         E        F      G
               +---------+---------+-------+---------+---------+-------+---------
         Total |       0 |     298 |   0.0 |       0 |      59 |   0.0 |  3611
               +---------+---------+-------+---------+---------+-------+---------
           D:1 |       0 |      46 |   0.0 |       0 |      24 |   0.0 |  1679
           D:2 |       0 |      83 |   0.0 |       0 |      14 |   0.0 |   936
           D:3 |       0 |     128 |   0.0 |       0 |      18 |   0.0 |   461
           D:4 |       0 |      41 |   0.0 |       0 |       3 |   0.0 |   236
               +---------+---------+-------+---------+---------+-------+---------
